 Dungeon Crawl Stone Soup version 0.21.1-1-g345015f (webtiles) character file.

105 shodders the Poker (level 4, -5/37 HPs)
             Began as a Centaur Gladiator on July 27, 2018.
             Slain by a gnoll
             ... wielding a +0 flail
              (10 damage)
             ... on level 2 of the Dungeon.
             The game lasted 00:12:04 (1479 turns).

shodders the Poker (Centaur Gladiator)              Turns: 1479, Time: 00:12:05

Health: -5/37      AC:  6    Str: 17    XL:     4   Next: 53%
Magic:  4/4        EV:  9    Int:  7    God:
Gold:   110        SH:  0    Dex: 11    Spells: 3/3 levels left

rFire    . . .     SeeInvis .   k - +4 quarterstaff (chaos)
rCold    . . .     Gourm    .   (shield currently unavailable)
rNeg     . . .     Faith    .   o - -1 ring mail (curse)
rPois    .         Spirit   .   c - +0 helmet
rElec    .         Reflect  .   l - +0 cloak
rCorr    .         Harm     .   (no gloves)
MR       .....                  (no barding)
Stlth    ..........             (no amulet)
HPRegen  0.12/turn              (no ring)
MPRegen  0.09/turn              (no ring)

@: very quick
A: large, hooves 3, deformed body, speed 2, tough skin 3
a: no special abilities


You were on level 2 of the Dungeon.
You were not hungry.

You visited 1 branch of the dungeon, and saw 2 of its levels.

You collected 110 gold pieces.

Inventory:

Hand Weapons
 a - a +0 trident
 k - a +4 quarterstaff of chaos (weapon)
 m - a +0 mace
Missiles
 d - 3 throwing nets (quivered)
 p - 6 poisoned needles
Armour
 b - a +0 leather armour
 c - a +0 helmet (worn)
 l - a +0 cloak (worn)
 o - a cursed -1 ring mail (worn)
Scrolls
 e - 3 scrolls of teleportation
Potions
 g - a potion of flight {unknown}
 h - a potion of lignification {unknown}
 j - a potion of ambrosia {unknown}
 n - a potion of curing {unknown}
Comestibles
 f - 6 rations
 i - 4 chunks of flesh


   Skills:
 + Level 2.7 Fighting
 + Level 3.7 Polearms
 + Level 2.4 Throwing
 + Level 0.8 Armour
 + Level 2.6 Dodging


You had 3 spell levels left.
You didn't know any spells.

Dungeon Overview and Level Annotations

Branches:
Dungeon (2/15)

Altars:
Kikubaaqudgha


Innate Abilities, Weirdness & Mutations

You have hooves in place of feet.
Armour fits poorly on your strangely shaped body.
You cover ground very quickly.
You have extremely tough skin. (AC +3)


Message History

You kill the gnoll!
The gnoll barely misses you. The gnoll misses you.
You barely miss the gnoll. You kick the gnoll.
The gnoll is heavily wounded.
The gnoll closely misses you. x2; The gnoll barely misses you.
You hit the gnoll.
The gnoll is heavily wounded.
The gnoll hits you from afar with a spear.
The gnoll closely misses you. The gnoll hits you with a flail.
You hit the gnoll.
The gnoll is severely wounded.
The gnoll hits you but does no damage. The gnoll barely misses you.
The gnoll hits you with a flail!
The gnoll hits you from afar with a spear.
You barely miss the gnoll.
The gnoll is severely wounded.
The gnoll hits you from afar with a halberd!
* * * LOW HITPOINT WARNING * * *
The gnoll hits you with a flail!
You die...

......# #.####'#####......#
......# #.#...............#
......## #.#...............#
###....####.................#
# #....'.###................#
# #....#.# #...(............#
# #....#.###...gg...........#
# ######......##g############
# ####_#.##@# # #.#.##.# #
#....#.# # ###..#.# ...#.#
##.#.# ...# #..# ..#


You could see 3 gnolls.

Vanquished Creatures
  Crazy Yiuf (D:2)
  A gnoll (D:2)
  2 adders (D:2)
  3 leopard geckos
  2 bats (D:1)
  A giant cockroach (D:1)
  5 goblins
  5 hobgoblins
  8 jackals (D:1)
  A quokka (D:2)
  2 frilled lizards
  5 kobolds
  5 rats
41 creatures vanquished.

Notes
Turn   | Place    | Note
-------+----------+-------------------------------------------
     0 | D:1      | shodders the Centaur Gladiator began the quest for the Orb.
     0 | D:1      | Reached XP level 1. HP: 17/17 MP: 1/1
   109 | D:1      | Reached XP level 2. HP: 23/24 MP: 2/2
   193 | D:1      | Reached skill level 3 in Polearms
   395 | D:1      | Reached XP level 3. HP: 27/29 MP: 3/3
  1260 | D:2      | Found a runed door.
  1264 | D:2      | Noticed Crazy Yiuf
  1280 | D:2      | Killed Crazy Yiuf
  1280 | D:2      | Reached XP level 4. HP: 21/37 MP: 0/4
  1386 | D:2      | Found an ancient bone altar of Kikubaaqudgha.
  1479 | D:2      | Slain by a gnoll

Skill      XL: |  1  2 |
---------------+-------+-----
Polearms       | 3 |  3.7
Fighting       | |  2.7
Throwing       | |  2.4
Armour         | |  0.8
Dodging        | |  2.6

Action                   |  1- 3 |  4- 6 || total
-------------------------+-------+-------++-------
Melee: Trident           |    85 |       ||    85
       Kick              |    17 |     1 ||    18
       Quarterstaff      |       |    10 ||    10
Throw: Throwing net      |     1 |       ||     1
  Use: Potion            |     1 |       ||     1
       Scroll            |     3 |       ||     3
 Stab: Held in net/web   |     2 |       ||     2
  Eat: Chunk             |       |     1 ||     1
Armor: Leather armour    |    24 |     2 ||    26
       Ring mail         |       |     7 ||     7
Dodge: Dodged            |    40 |    13 ||    53
